 Dungeon Crawl Stone Soup version 0.24-a0-653-g3936067ed8 (webtiles) character file.

Game seed: 3855538613542031200, levelgen mode: deterministic

169 Phong the Firebug (level 5, -3/31 HPs)
             Began as an Octopode Fire Elementalist on Sept 27, 2019.
             Was an Initiate of Vehumet.
             Slain by Natasha (6 damage)
             ... on level 2 of the Dungeon.
             The game lasted 00:05:38 (1799 turns).

Phong the Firebug (Octopode Fire Elementalist)      Turns: 1799, Time: 00:05:38

Health: -3/31      AC:  1    Str:  7    XL:     5   Next: 50%
Magic:  4/9        EV: 13    Int: 18    God:    Vehumet [......]
Gold:   76         SH:  0    Dex: 13    Spells: 0/9 levels left

rFire    . . .     SeeInvis .   a - +0 trident
rCold    . . .     Gourm    .   (no shield)
rNeg     + . .     Faith    .   (helmet restricted)
rPois    .         Spirit   .   (no amulet)
rElec    .         Reflect  .   d - ring of positive energy
rCorr    .         Harm     .   (no ring)
MR       .....                  (no ring)
Stlth    +++.......             (no ring)
HPRegen  0.10/turn              (no ring)
MPRegen  0.11/turn              (no ring)
                                (no ring)
                                (no ring)

@: slowed, very slow
A: almost no armour, stealthy swim, amphibious, 8 rings, constrict 8, camouflage
1, gelatinous body 1
a: Renounce Religion


You were on level 2 of the Dungeon.
You worshipped Vehumet.
Vehumet was noncommittal.
You were not hungry.

You visited 1 branch of the dungeon, and saw 2 of its levels.

You collected 76 gold pieces.

Inventory:

Hand Weapons
 a - a +0 trident (weapon)
 b - a +1 halberd of freezing
 k - a +0 spear
 l - a +0 dagger
Missiles
 f - 27 arrows
 p - 29 poisoned darts (quivered)
Jewellery
 d - a ring of positive energy (left tentacle)
 g - an uncursed amulet of faith {unknown}
Wands
 o - a wand of flame (16)
Scrolls
 e - a scroll of fog
 h - a scroll of magic mapping
Potions
 i - a potion of degeneration {unknown}
 j - a potion of resistance
 m - a potion of flight {unknown}
Comestibles
 c - 5 rations
 n - 2 chunks of flesh


   Skills:
 - Level 2.0 Dodging
 - Level 3.0 Stealth
 + Level 2.7 Spellcasting
 * Level 3.7 Conjurations
 + Level 4.0 Fire Magic


You couldn't memorise any spells.
You knew the following spells:

 Your Spells              Type           Power        Failure   Level  Hunger
a - Flame Tongue          Conj/Fire      ###..        3%          1    #......
b - Throw Flame           Conj/Fire      ###...       5%          2    ##.....
c - Conjure Flame         Conj/Fire      ###.....     11%         3    ###....
d - Inner Flame           Hex/Fire       #.......     22%         3    ###....

Your spell library contained the following spells:

 Spells                   Type           Power        Failure   Level  Hunger
 Sticky Flame             Conj/Fire      ###.....     34%         4    #####..
 Fireball                 Conj/Fire      ###.......   67%         5    ######.


Dungeon Overview and Level Annotations

Branches:
Dungeon (2/15)

Altars:
Elyvilon
Nemelex Xobeh
Vehumet
Wu Jian
Xom
Yredelemnul
Zin

Annotations:
D:2 Natasha


Innate Abilities, Weirdness & Mutations

You cannot wear most types of armour.
You are very stealthy in the water. (Stealth+)
You are amphibious.
You can wear up to eight rings at the same time.
You can use your tentacles to constrict eight enemies at once.
Your skin changes colour to match your surroundings (Stealth+).
Your rubbery body absorbs attacks. (AC +1, EV +1)


Message History

Unknown command.
Unknown command.
Unknown command.
Casting: Flame Tongue (safe; 3% risk of failure)
Confirm with . or Enter, or press ? or * to list all spells.
Okay, then.
Unknown command.
Unknown command.
Unknown command.
Unknown command.
Casting: Flame Tongue (safe; 3% risk of failure)
Confirm with . or Enter, or press ? or * to list all spells.
Aiming: Flame Tongue (safe; 3% risk of failure)
Press: ? - help, Shift-Dir - straight line, f/p - Natasha
Aim: Natasha (moderately wounded, constricted by you)
The flame tongue hits Natasha.
Natasha is heavily wounded.
You constrict Natasha, but do no damage.
Natasha claws you.
You die...

#.#.............#.[.### ##..##
#.#..[..........#.### ###..#.
#.#.............#.# #....##
#.#.#.............## #.####8
#...##...#...##....#### #.# ##
##..###....####..#.)..###.# #.
#......#### ##...###.....# ##
##.##### ##h.#..##....## # #..#
#.@###.##.##.###### ##.##
#5##......#........ #..#
###.##.###..#........
#.#########...##...............
#.###.......####..P.P..########
#.#..>###########.._...# ####
###...####......# #.P.P..#
##... .......# #......#
#.....## ##.... .......#
#......# ##.#### #.....


You could see Natasha and a shadow imp.

Vanquished Creatures
  Crazy Yiuf (D:2)
  Jessica (D:2)
  Terence (D:2)
  Natasha (twice) (D:2)
  A gnoll (D:1)
  3 leopard geckos
  A giant cockroach (D:2)
  5 goblins
  A hobgoblin (D:1)
  5 jackals (D:2)
  A kobold (D:1)
  3 bats
  3 frilled lizards
  2 rats (D:1)
30 creatures vanquished.

Notes
Turn   | Place    | Note
-------+----------+-------------------------------------------
     0 | D:1      | Phong the Octopode Fire Elementalist began the quest for
                  | the Orb.
     0 | D:1      | Reached XP level 1. HP: 11/11 MP: 3/3
    44 | D:1      | Reached XP level 2. HP: 9/17 MP: 0/5
   717 | D:1      | Learned a level 2 spell: Throw Flame
   940 | D:1      | Reached XP level 3. HP: 21/21 MP: 6/6
   946 | D:1      | Learned a level 3 spell: Conjure Flame
  1131 | D:2      | Noticed Terence
  1143 | D:2      | Killed Terence
  1227 | D:2      | Noticed Jessica
  1233 | D:2      | Killed Jessica
  1233 | D:2      | Reached XP level 4. HP: 19/27 MP: 4/7
  1264 | D:2      | Found a basalt altar of Yredelemnul.
  1300 | D:2      | Found a runed translucent door.
  1301 | D:2      | Noticed Crazy Yiuf
  1313 | D:2      | Killed Crazy Yiuf
  1577 | D:2      | Found a sparkling altar of Nemelex Xobeh.
  1581 | D:2      | Found a radiant altar of Vehumet.
  1581 | D:2      | Found a shimmering altar of Xom.
  1587 | D:2      | Found an ornate altar of the Wu Jian Council.
  1589 | D:2      | Found a glowing silver altar of Zin.
  1592 | D:2      | Found a white marble altar of Elyvilon.
  1602 | D:2      | Became a worshipper of Vehumet
  1620 | D:2      | Reached XP level 5. HP: 31/31 MP: 8/8
  1622 | D:2      | Noticed Natasha
  1627 | D:2      | Killed Natasha
  1740 | D:2      | Noticed Natasha
  1755 | D:2      | Killed Natasha
  1755 | D:2      | Reached skill level 4 in Fire Magic
  1776 | D:2      | Learned a level 3 spell: Inner Flame
  1794 | D:2      | Noticed Natasha
  1799 | D:2      | Slain by Natasha

Levels and vault maps discovered:
D:1:      doesnt_arrival_eight_statues, layout_loops_ring
D:2:      layout_rooms, yredelemnul_altar_generic, minitemple, first_ration,
          uniq_crazy_yiuf_cottage, uniq_natasha, uniq_terence, uniq_jessica

Skill      XL: |  1  2  3  4  5 |
---------------+----------------+-----
Stealth        | 3 |  3.0
Conjurations   | 2 3 |  3.7
Fire Magic     | 4 |  4.0
Dodging        | |  2.0
Spellcasting   | |  2.7

Action                   |  1- 3 |  4- 6 || total
-------------------------+-------+-------++-------
Melee: Unarmed           |     8 |       ||     8
       Tentacles         |     7 |     5 ||    12
       Constrict         |     6 |     5 ||    11
       Dagger            |    16 |     4 ||    20
       Halberd           |     7 |     4 ||    11
       Trident           |       |    12 ||    12
 Cast: Flame Tongue      |    12 |    10 ||    22
       Conjure Flame     |       |     1 ||     1
       Throw Flame       |       |     1 ||     1
  Use: Scroll            |       |     4 ||     4
 Stab: Sleeping          |     9 |     1 ||    10
  Eat: Chunk             |     1 |     2 ||     3
Armor: Skin              |     3 |       ||     3
Dodge: Dodged            |    17 |    14 ||    31

Table legend:
 A = Non-vault XP
 B = Vault XP
 C = Vault XP percentage of total XP
 D = Non-vault monster count
 E = Vault monster count
 F = Vault count percentage of total count
                 A         B        C        D         E       F
            +---------+---------+-------+---------+---------+-------
      Total |      93 |     149 |  61.6 |      26 |       4 |  13.3
            +---------+---------+-------+---------+---------+-------
        D:1 |      37 |       0 |   0.0 |      14 |       0 |   0.0
        D:2 |      56 |     149 |  72.7 |      12 |       4 |  25.0
            +---------+---------+-------+---------+---------+-------
